 Dungeon Crawl Stone Soup version 0.31-a0-188-g5e087ee2ca (webtiles) character file.

Game seed: 6493488150092076342

22 qw the Shooter (level 2, 0/16 HPs)
             Began as a Deep Elf Hunter on June 23, 2023.
             Slain by a kobold
             ... wielding a +0 short sword
              (3 damage)
             ... on level 2 of the Dungeon.
             The game lasted 00:00:09 (233 turns).

qw the Shooter (Deep Elf Hunter)                     Turns: 233, Time: 00:00:10

Health: 0/16       AC:  0    Str:  8    XL:     2   Next: 68%
Magic:  4/4        EV: 20    Int: 13    God:
Gold:   41         SH:  0    Dex: 23    Spells: 1/1 levels left

rFire   . . .        a - melded +0 shortbow
rCold   . . .        (shield currently unavailable)
rNeg    . . .        c - melded +0 leather armour
rPois   .            (helmet currently unavailable)
rElec   .            (cloak currently unavailable)
rCorr   .            (gloves currently unavailable)
SInv    .            (boots currently unavailable)
Will    .....        (no amulet)
Stlth   ++           (ring currently unavailable)
HPRegen 0.22/turn    (ring currently unavailable)
MPRegen 0.09/turn

%: no passive effects
@: bat-form, flying, very quick
A: fast, flying, no casting, tiny
a: no special abilities


You were on level 2 of the Dungeon.
You were a bat.
You visited 1 branch of the dungeon, and saw 2 of its levels.

You collected 41 gold pieces.


   Skills:
 - Level 1.5 Fighting
 + Level 6.4 Ranged Weapons
 - Level 2.4 Dodging
 - Level 1.2 Stealth


You had one spell level left.
You didn't know any spells.
Your spell library was empty.

Inventory:

Hand Weapons
 a - a +0 shortbow (melded)
Armour
 c - a +0 leather armour (melded)
Jewellery
 d - a ring of protection from fire
Scrolls
 b - a scroll of butterflies
 e - a scroll of enchant weapon {unknown}
 f - a scroll of blinking {unknown}
 g - a scroll of teleportation {unknown}
Potions
 h - a potion of brilliance {unknown}

Dungeon Overview and Level Annotations

Branches:
Dungeon (1/15)

Altars:

Annotations:
D:2 Jessica


Message History

You shoot an arrow. The arrow barely misses Jessica.
The kobold shouts!
Jessica says, "Why did you come here?"
Jessica zaps a wand.
You resist with significant effort.
The kobold throws a stone.
The stone hits you but does no damage.
You shoot an arrow.
The arrow hits Jessica but does no damage.
Jessica gestures wildly.
You shoot an arrow. The arrow barely misses Jessica.
Jessica hits you with a +0 dagger.
The kobold throws a stone.
The stone barely misses you. Jessica misses you.
You shoot an arrow. The arrow barely misses Jessica.
Jessica gestures at you while chanting. Pain shoots through your body!
You shoot an arrow. The arrow hits Jessica.
Jessica is severely wounded.
Jessica mumbles some strange words.
Jessica blinks!
You shoot an arrow. The arrow barely misses Jessica.
Jessica zaps a wand.
You turn into a bat.
Your +0 shortbow melds into your body.
Your +0 leather armour melds into your body.
You hit Jessica but do no damage.
Jessica is severely wounded.
Jessica completely misses you.
The kobold throws a stone.
The stone misses you.
You hit Jessica but do no damage.
Jessica is severely wounded.
Jessica barely misses you.
Jessica mumbles some strange words.
Jessica blinks!
You hit Jessica but do no damage.
Jessica is severely wounded.
Jessica hits you with a +0 dagger.
You hit Jessica but do no damage.
Jessica is severely wounded.
Jessica closely misses you. The kobold closely misses you.
Jessica barely misses you.
You barely miss Jessica.
Jessica is severely wounded.
The kobold hits you with a +0 short sword.
You die...

.............
............
..........#
..........#######
###............#
+................
###..............
#######..............
.......b.............
......K@##...##......
........#8...8#......
......$.##...####....
........##...#
..%.....# ...#
........# .8
........#


You could see Jessica (fast) and a kobold.

Vanquished Creatures
  A dart slug (D:2)
  2 bats (D:1)
  2 endoplasms (D:1)
  A giant cockroach (D:2)
  A hobgoblin (D:1)
  3 jackals (D:1)
  A kobold (D:1)
  2 quokkas (D:1)
  3 ball pythons
16 creatures vanquished.

Notes
Turn   | Place    | Note
-------+----------+-------------------------------------------
     0 | D:1      | qw the Deep Elf Hunter began the quest for the Orb.
     0 | D:1      | Reached XP level 1. HP: 12/12 MP: 3/3
     0 | D:1      | 0 ||| qw: Version: 0.3-a-9-g12657ce
     0 | D:1      | 0 ||| qw: Game counter: 3641
     0 | D:1      | 0 ||| qw: Always use a shield: true
     0 | D:1      | 0 ||| qw: God list: Okawaru
     0 | D:1      | 0 ||| qw: Allow faded altars: false
     0 | D:1      | 0 ||| qw: Do Orc after D:15 true
     0 | D:1      | 0 ||| qw: Do second Lair branch before Depths: true
     0 | D:1      | 0 ||| qw: Lair rune preference: random
     0 | D:1      | 0 ||| qw: Plans: Normal
     0 | D:1      | 0 ||| PLANNING D:1-11
    56 | D:1      | Reached XP level 2. HP: 13/16 MP: 4/4
    79 | D:1      | Reached skill level 6 in Ranged Weapons
   208 | D:1      | You fall into a shaft and drop 1 floor!
   219 | D:2      | Noticed Jessica
   231 | D:2      | HP: 3/16 [Jessica/+0 dagger (4)]
   233 | D:2      | Slain by a kobold

Levels and vault maps discovered:
D:1:      psy_arrival_conway, layout_loops_ring, st_stairs_10
D:2:      layout_basic, corexii_hall_statues_deadend, uniq_jessica, uniq_terence

Skill      XL: |  1  2 |
---------------+-------+-----
Ranged Weapons | 6 |  6.4
Fighting       | |  1.5
Dodging        | |  2.4
Stealth        | |  1.2

Action                     || total
---------------------------++-------
  Melee: Unarmed           ||     5
   Fire: Shortbow          ||    42
 Armour: Leather armour    ||     1
  Dodge: Dodged            ||    10

Table legend:
 A = Non-vault XP
 B = Vault XP
 C = Vault XP percentage of total XP
 D = Non-vault monster count
 E = Vault monster count
 F = Vault count percentage of total count
                 A         B        C        D         E       F
            +---------+---------+-------+---------+---------+-------
      Total |      24 |       8 |  25.0 |      12 |       4 |  25.0
            +---------+---------+-------+---------+---------+-------
        D:1 |      16 |       8 |  33.3 |       9 |       4 |  30.8
        D:2 |       8 |       0 |   0.0 |       3 |       0 |   0.0
            +---------+---------+-------+---------+---------+-------
